 Dungeon Crawl Stone Soup version 0.29-a0-330-g52719c12eb (webtiles) character file.

Game seed: 17935701149462234128

492 kipponium the Twirler (level 6, -5/44 HPs)
             Began as a Demonspawn Gladiator on Apr 12, 2022.
             Killed by divine providence
             ... invoked by an orc priest
              (15 damage)
             ... on level 4 of the Dungeon.
             The game lasted 00:07:07 (4033 turns).

kipponium the Twirler (Demonspawn Gladiator)        Turns: 4033, Time: 00:07:07

Health: -5/44      AC:  6    Str: 21    XL:     6   Next: 91%
Magic:  6/6        EV: 12    Int: 11    God:
Gold:   150        SH:  4    Dex: 14    Spells: 5/5 levels left

rFire   . . .      SeeInvis .   o - +7 flail "Nuvvadil" {drain, Will- Str+4}
rCold   . . .      Faith    .   (no shield)
rNeg    . . .      Spirit   .   b - +0 leather armour
rPois   .          Reflect  .   c - +0 helmet
rElec   +          Harm     .   m - +0 cloak
rCorr   .          Rampage  .   s - +0 pair of gloves
Will    .....                   (no boots)
Stlth   +.........              (no amulet)
HPRegen 0.14/turn               (no ring)
MPRegen 0.10/turn               (no ring)

@: unable to read
A: foul stench 3, condensation shield, clever 1, electricity resistance,
inability to read while threatened
a: no special abilities


You were on level 4 of the Dungeon.
You visited 1 branch of the dungeon, and saw 4 of its levels.

You collected 150 gold pieces.

Inventory:

Hand Weapons
 a - a +0 quarterstaff
 o - the +7 flail "Nuvvadil" (weapon) {drain, Will- Str+4}
   (You found it on level 3 of the Dungeon)

   A truly terrible weapon, it drains the life of any living foe it strikes.
   Str:       It affects your strength (+4).
   Will:      It decreases your willpower.
Missiles
 d - 2 throwing nets
 e - a javelin
 u - 3 poisoned darts (quivered)
Armour
 b - a +0 leather armour (worn)
 c - a +0 helmet (worn)
 m - a +0 cloak (worn)
 s - a +0 pair of gloves (worn)
Wands
 p - a wand of flame (10)
Scrolls
 g - a scroll of fog {unknown}
 h - 2 scrolls of magic mapping {unknown}
 i - 3 scrolls of identify {unknown}
 j - 2 scrolls of vulnerability {unknown}
 n - a scroll of noise {unknown}
 t - a scroll of fear {unknown}
 x - a scroll of immolation {unknown}
Potions
 f - 5 potions of curing {unknown}
 k - a potion of degeneration {unknown}
 l - a potion of lignification {unknown}
 q - a potion of mutation
 r - a potion of haste {unknown}
 v - a potion of resistance {unknown}
 w - a potion of might {unknown}


   Skills:
 - Level 2.0 Fighting
 * Level 4.6(5.7) Maces & Flails
 - Level 5.2(6.0) Staves
 - Level 1.7 Throwing
 - Level 2.6 Dodging
 + Level 0.4 Shields
 + Level 0.2 Evocations


You had 5 spell levels left.
You didn't know any spells.
Your spell library contained the following spells:

 Spells                   Type           Power      Damage    Failure   Level
 Blade Hands              Tmut           0%         N/A       100%        5
 Irradiate                Conj/Tmut      0%         3d13      100%        5
 Dragon Form              Tmut           0%         N/A       100%        7


Dungeon Overview and Level Annotations

Branches:
Dungeon (4/15)
 Temple: D:4-7

Altars:
Hepliaklqana
Uskayaw


Innate Abilities, Weirdness & Mutations

You frequently emit foul miasma when damaged in melee.
A meltable shield of frost defends you. (SH +4)
Your mind is acute. (Int +2)
You are resistant to electric shocks. (rElec)
You sometimes lose the ability to read scrolls when taking damage.


Message History

The orc moves out of view.
An orc wizard comes into view. It is wielding a +0 dagger.
The orc priest shouts!
The orc wizard shouts!
The orc wizard gestures wildly while chanting.
The orc wizard flickers and vanishes!
Deactivating autopickup; reactivate with Ctrl-A.
There is an open door here.
You closely miss the orc. The orc completely misses you.
You closely miss the orc. The orc hits you with a +0 short sword.
You sock the orc priest! You drain the orc priest.
The orc priest is severely wounded.
The orc priest mumbles some strange prayers to Beogh against you.
Beogh smites you! The orc hits you with a +0 short sword.
You emit a cloud of foul miasma!
You barely miss the orc priest.
The orc priest is severely wounded.
The orc priest hits you but does no damage.
The orc is engulfed in dark miasma.
The orc is poisoned.
The orc barely misses you.
You hit the orc.
The orc is heavily wounded.
The orc is engulfed in dark miasma.
The orc looks even sicker.
The orc hits you but does no damage.
The orc priest calls down the wrath of Beogh upon you.
Beogh smites you!
* * * LOW HITPOINT WARNING * * *
The orc attacks as you move away! The orc hits you but does no damage.
You kill the orc!
It was a potion of mutation.
You feel extremely strange.
You lose the ability to read scrolls when threatened.
You feel clever.
You feel insulated.
Throw: 4 darts (poison)
Press: ? - help, Q - select action, (/) - cycle Shift-Dir - straight line, f - orc priest
Aim: an orc priest, wielding a +0 short sword (severely wounded, heavily drained, 59% to hit)
You throw a poisoned dart.
The poisoned dart completely misses the orc priest.
The orc priest calls down the wrath of Beogh upon you.
Beogh smites you!
You feel threatened and lose the ability to read scrolls!
You die...

#.....#...# #......+.....'...#
#....รท'...# #......#.....#...#
#.....#...# #..>...#.....#...#
#.....#...# #......#.....#...#
##.....#...# #......###...##..#
..##+###...#######......#...##..#
..#..............#......'<...#...
..#..............#......#....#...
..#.............@#.o....# #...
..#..............#......# #...
..#.<............').....# #...
..######+###.##.##o.....######..#
###.####..##.##########......#..#
......................#......#...
..................<...+......#...
######'#####.##.##.##.#......####
..####..####+##+##...............


You could see an orc priest (very drained).

Vanquished Creatures
  Edmund (D:4)
  Menkaure (D:4)
  A gnoll shaman (D:3)
  Ijyb (D:3)
  An iguana (D:3)
  4 gnolls (D:3)
  4 adders
  2 worms
  2 dart slugs
  4 orcs
  11 bats
  9 endoplasms
  6 giant cockroaches
  8 hobgoblins
  5 jackals (D:2)
  4 quokkas
  9 ball pythons
  4 frilled lizards
  6 goblins
  4 kobolds
  6 rats
93 creatures vanquished.

Notes
Turn   | Place    | Note
-------+----------+-------------------------------------------
     0 | D:1      | kipponium the Demonspawn Gladiator began the quest for the
                  | Orb.
     0 | D:1      | Reached XP level 1. HP: 16/16 MP: 1/1
   231 | D:1      | Reached skill level 3 in Staves
   298 | D:1      | Gained mutation: You may rarely emit foul miasma when
                  | damaged in melee. [demonic ancestry]
   298 | D:1      | Reached XP level 2. HP: 13/22 MP: 2/2
   891 | D:1      | Reached XP level 3. HP: 26/27 MP: 3/3
  1223 | D:2      | Reached skill level 4 in Staves
  1259 | D:2      | Found a faded altar of an unknown god.
  2162 | D:3      | Identified the +7 flail "Nuvvadil" {drain, Will- Str+4}
  2174 | D:3      | Gained mutation: A meltable shield of frost defends you.
                  | (SH +4) [demonic ancestry]
  2174 | D:3      | Reached XP level 4. HP: 30/33 MP: 4/4
  2202 | D:3      | Reached skill level 5 in Staves
  2512 | D:3      | Found a hazy altar of Hepliaklqana.
  2515 | D:3      | Reached skill level 1 in Maces & Flails
  2515 | D:3      | Gained mutation: You sometimes emit foul miasma when
                  | damaged in melee. [demonic ancestry]
  2515 | D:3      | Reached XP level 5. HP: 38/38 MP: 5/5
  2579 | D:3      | Noticed Ijyb
  2586 | D:3      | Killed Ijyb
  2854 | D:3      | Found a hide-covered altar of Uskayaw.
  3276 | D:4      | Noticed Menkaure
  3282 | D:4      | Killed Menkaure
  3283 | D:4      | Gained mutation: You frequently emit foul miasma when
                  | damaged in melee. [demonic ancestry]
  3283 | D:4      | Reached XP level 6. HP: 44/44 MP: 6/6
  3509 | D:4      | Noticed Edmund
  3519 | D:4      | Killed Edmund
  4031 | D:4      | Gained mutation: You sometimes lose the ability to read
                  | scrolls when taking damage. [potion of mutation]
  4031 | D:4      | Gained mutation: Your mind is acute. (Int +2) [potion of
                  | mutation]
  4031 | D:4      | Gained mutation: You are resistant to electric shocks.
                  | (rElec) [potion of mutation]
  4033 | D:4      | Killed from afar by an orc priest

Illustrated notes

Levels and vault maps discovered:
D:1:      shiori_shiawase, layout_rooms
D:2:      layout_basic, chequers_ecumenical_altar_simple_redux,
          kennysheep_nondescript, st_stairs_4
D:3:      layout_loops_cross, mainiacjoe_overflow_tiny_flanked,
          eat_drink_and_be_merry_uskayaw, uniq_ijyb
D:4:      minmay_thick_lines, layout_gridville, mainiacjoe_overflow_alcove_1,
          kennysheep_generic_room_15, uniq_edmund, uniq_menkaure

Skill      XL: |  1  2  3  4  5  6 |
---------------+-------------------+-----
Staves         | 3 4 5 |  5.2
Maces & Flails | 1 3 4 |  4.6
Fighting       | |  2.0
Throwing       | |  1.7
Dodging        | |  2.6
Shields        | |  0.4
Evocations     | |  0.2

Action                   |  1- 3 |  4- 6 || total
-------------------------+-------+-------++-------
Melee: Quarterstaff      |   142 |    25 ||   167
       Flail             |       |    71 ||    71
       Punch             |       |     1 ||     1
Throw: Throwing net      |       |     4 ||     4
       Javelin           |       |     1 ||     1
       Dart              |       |     5 ||     5
Evoke: Wand              |       |     2 ||     2
  Use: Potion            |       |     1 ||     1
 Stab: Held in net/web   |       |     2 ||     2
       Sleeping          |       |     2 ||     2
Armor: Leather armour    |    82 |    15 ||    97
Dodge: Dodged            |   127 |    45 ||   172
Block: Other             |       |     8 ||     8

Table legend: (Time is in decaauts)
 A = Elapsed time spent in this place.
 B = Non-inter-level travel time spent in this place.
 C = Inter-level travel time spent in this place.
 D = Time resting spent in this place.
 E = Time spent auto-exploring this place.
 F = Levels seen in this place.
 G = Mean time per level.
                   A        B        C        D        E       F      G
               +--------+--------+--------+--------+--------+-----+--------+
         Total |   4061 |   4013 |     48 |    969 |   2347 |   4 | 1015.2 |
       Dungeon |   4061 |   4013 |     48 |    969 |   2347 |   4 | 1015.2 |
               +--------+--------+--------+--------+--------+-----+--------+

Top non-repeatable levels by time:
     D:2: 1212 daAuts
     D:3: 1130 daAuts
     D:1: 952 daAuts
     D:4: 766 daAuts
